 Dungeon Crawl Stone Soup version 0.19.0 (webtiles) character file.

129892 tyranidshit the Warrior (level 16, 0/133 HPs)
             Began as a Demonspawn Abyssal Knight on Nov 1, 2016.
             Was the Champion of Lugonu.
             Slain by a nagaraja
             ... wielding a +0 club
              (1 damage)
             ... on level 3 of the Snake Pit.
             The game lasted 02:02:12 (24073 turns).

tyranidshit the Warrior (DsAK)                     Turns: 24073, Time: 02:02:13

Health: 0/133      AC: 31    Str: 24    XL:     16   Next: 51%
Magic:  0/22       EV:  5    Int: 14    God:    Lugonu [******]
Gold:   2121       SH: 15    Dex: 20    Spells: 0 memorised, 15 levels left

rFire  + + +     SeeInvis .     q - +4 hand axe (vamp)
rCold  + . .     Gourm    .     s - +3 plate armour "Nizuteilla" {+Blink rPois rCorr Str+4}
rNeg   + . .     Faith    .     R - +0 shield {AC+3}
rPois  +         Spirit   +     l - +2 hat
rElec  +         Reflect  .     U - +2 cloak {+Inv}
rCorr  +         Harm     .     (gloves unavailable)
MR     +....     Rnd*Rage +     k - +1 pair of boots {run}
Stlth  ..........               y - amulet of the Thoughtful Souls {RegenMP Str+4 Dex+6}
                                S - ring "Yrphaethea" {Wiz rElec rF+ Stlth+}
                                A - ring "Daiciu Uffunk" {rElec rPois rF+ Slay+3}

@: lethally poisoned (0 -> -10), exhausted, slowed, constricted, invisible, very
slow
A: claws 3, talons 1, rugged brown scales 2, berserk 2, blink, cold resistance
1, fire resistance 1, frail 1, negative energy resistance 1, weak 1, magic
shield, flame cloud immunity
a: Blink, Depart the Abyss, Bend Space, Banish, Corrupt, Enter the Abyss,
Renounce Religion, Evoke Blink


You were on level 3 of the Snake Pit.
You worshipped Lugonu.
Lugonu was exalted by your worship.
You were very hungry.

You visited 4 branches of the dungeon, and saw 26 of its levels.
You visited the Abyss 1 time.
You also visited: Labyrinth, Sewer and Ice Cave.

You collected 2811 gold pieces.
You spent 690 gold pieces at shops.

Inventory:

Hand Weapons
 e - a +2 broad axe of distortion
 q - a +4 vampiric hand axe (weapon)
 Q - the +6 trident "Moses" {freeze, +Rage rPois rC+ rN+}
   (You found it on level 5 of the Lair of Beasts)

   It has been specially enchanted to freeze those struck by it, causing extra
   injury to most foes and up to half again as much damage against particularly
   susceptible opponents.
   It can also slow down cold-blooded creatures.
   It protects you from cold.
   It protects you from poison.
   It protects you from negative energy.
   It lets you go berserk.
 T - a +0 broad axe of freezing
Armour
 k - a +1 pair of boots of running (worn)
 l - a +2 hat (worn)
 s - the +3 plate armour "Nizuteilla" (worn) {+Blink rPois rCorr Str+4}
   (You found it in a labyrinth)

   It affects your strength (+4).
   It protects you from poison.
   It lets you blink.
   It protects you from acid and corrosion.
 D - the +0 pair of boots "Huydghade" {rPois Str+2}
   (You found it on level 14 of the Dungeon)

   It affects your strength (+2).
   It protects you from poison.
 E - a +2 plate armour of fire resistance
 R - a +0 shield of protection (worn)
 U - a +2 cloak of invisibility (worn)
Jewellery
 n - an uncursed ring of positive energy
 y - the amulet of the Thoughtful Souls (around neck) {RegenMP Str+4 Dex+6}
   (You found it on level 5 of the Dungeon)

   [amulet of magic regeneration]

   It increases your magic regeneration.
   It affects your strength (+4).
   It affects your dexterity (+6).
 z - a +1 ring of evasion
 A - the ring "Daiciu Uffunk" (left claw) {rElec rPois rF+ Slay+3}
   (You found it on level 4 of the Dungeon)

   [ring of poison resistance]

   It affects your accuracy and damage with ranged weapons and melee attacks
   (+3).
   It protects you from fire.
   It insulates you from electricity.
   It protects you from poison.
 O - an uncursed ring of resist corrosion
 S - the ring "Yrphaethea" (right claw) {Wiz rElec rF+ Stlth+}
   (You found it on level 3 of the Snake Pit)

   [ring of wizardry]

   It improves your spell success rate.
   It protects you from fire.
   It insulates you from electricity.
   It makes you more stealthy.
 W - an uncursed ring of protection from fire
Wands
 a - a wand of confusion (13/48)
 f - a wand of disintegration (3/24)
 g - a wand of polymorph (15/24)
 B - a wand of teleportation (4/9)
 K - a wand of teleportation (6/9)
 L - a wand of enslavement (2/24)
 M - a wand of acid (1/15)
 Y - a wand of digging (11/24)
Scrolls
 b - 9 scrolls of remove curse
 h - 9 scrolls of identify
 j - 5 scrolls of amnesia
 r - 8 scrolls of fog
 t - 4 scrolls of blinking
 u - 4 scrolls of recharging
 N - a scroll of silence
 P - 7 scrolls of teleportation
 X - 2 scrolls of fear
 Z - a scroll of magic mapping
Potions
 c - a potion of agility
 i - a potion of haste
 v - 3 potions of flight
 w - 5 potions of brilliance
 x - a potion of curing
 F - a potion of might
 G - 2 potions of berserk rage
 J - a potion of heal wounds
 V - a potion of resistance
Comestibles
 d - 11 fruits
 m - 6 meat rations
 p - 5 beef jerkies
 C - 7 bread rations
 I - 16 royal jellies


   Skills:
 - Level 17.0 Fighting
 - Level 11.5 Axes
 - Level 12.4 Armour
 - Level 0.8 Dodging
 + Level 15.2 Shields
 - Level 8.1 Invocations
 - Level 5.2 Evocations


You had 15 spell levels left.
You didn't know any spells.

Dungeon Overview and Level Annotations

Branches:
Dungeon (15/15)            Temple (0/1) D:5            Lair (6/6) D:8
  Swamp (0/4) Lair:4        Snake (3/4) Lair:2        Slime (0/5) Lair:5
    Orc (2/2) D:11            Elf (0/3) Orc:2        Vaults (0/5) D:13
 Depths (0/5) D:15

Altars:
Elyvilon
Kikubaaqudgha
Nemelex Xobeh
Qazlal

Shops:
Orc:2 [(*=   Snake:1 [


Innate Abilities, Weirdness & Mutations

You have claws for hands.
You are mostly covered in rugged brown scales. (AC +2, +5% HP)
Your flesh is heat resistant. (rF+)
You resist negative energy. (rN+)
When hurt, damage is shared between your health and your magic reserves.
You are immune to clouds of flame.
You have sharp toenails.
You often lose your temper in combat.
You can translocate small distances at will.
Your flesh is cold resistant. (rC+)
You are frail. (-10% HP)
You are weak. (Str -2)


Message History

* * * LOW HITPOINT WARNING * * *
The nagaraja constricts you.
You hit the nagaraja but do no damage.
The nagaraja is almost dead.
You feel sick. The nagaraja hits you with a club!
* * * LOW HITPOINT WARNING * * *
The nagaraja constricts you. You block the nagaraja's attack.
The nagaraja constricts you.
Unknown command.
You fade into invisibility!
You feel very sick.
The naga mage casts a spell.
You block the nagaraja's attack.
* * * LOW HITPOINT WARNING * * *
The nagaraja constricts you. The nagaraja casts a spell at you.
The orb of energy hits you!
* * * LOW HITPOINT WARNING * * *
The orb of energy explodes!
You die...

...## #...........<........#
....###....................#
....##....}....))..........#
....#...........)..#########
...............)).##..
##.......#.......##.#
.'......####....##N#
.##....## #...##N# ###....#
##..#@# .+#....######..#.#
###............#.#
.##............#.#
##'............#.#
#.#............#.##
.##............##.##
..#..........#####)#
#.#....#......####(#


You could see a nagaraja and a naga mage.

Vanquished Creatures
  Gastronok (D:9)
  2 nagarajas (Snake:3)
  2 orc warlords (Orc:2)
  A ghoul (D:14)
  Aizul (Snake:1)
  Nessos (D:15)
  Azrael (Snake:2)
  An ettin (Orc:2)
  A minotaur (Lab)
  A yaktaur captain (D:15)
  6 naga warriors
  A vault guard (D:13)
  2 catoblepae
  2 tengu warriors
  3 centaur warriors
  6 anacondas
  2 naga sharpshooters
  3 shock serpents
  An orc high priest (Orc:2)
  A deep elf knight (D:15)
  A salamander mystic (Snake:3)
  2 skeletal warriors (D:14)
  3 unseen horrors
  2 naga ritualists (Snake:1)
  A wizard (D:14)
  5 hill giants
  A necromancer (IceCv)
  4 orc knights
  A deep elf mage (D:12)
  4 orc sorcerers
  5 mana vipers (Snake:1)
  5 ugly things
  3 cyclopes
  A salamander (shapeshifter) (D:14)
  2 manticores
  6 salamanders
  Maurice (D:11)
  14 naga magi
  3 ice statues (IceCv)
  2 guardian serpents
  Joseph (D:9)
  A gargoyle (D:13)
  26 black mambas
  9 elephants
  12 spiny frogs
  A torpor snail (Lair:3)
  4 komodo dragons
  2 efreet (D:13)
  7 ice devils
  A queen bee (Lair:2)
  4 polar bears
  11 trolls
  A tengu conjurer (D:12)
  A queen bee (shapeshifter) (D:15)
  3 two-headed ogres
  A harpy zombie (D:14)
  5 slime creatures
  Grinder (D:6)
  22 blink frogs
  9 dream sheep
  A meliai zombie (D:14)
  6 hornets
  13 hippogriffs
  A water elemental (D:14)
  3 shadows
  A wraith (D:15)
  15 spriggans (Lair:6)
  A wyvern (D:13)
  48 yaks
  4 fire elementals (Snake:2)
  5 basilisks
  6 hungry ghosts
  Menkaure (D:6)
  3 mottled dragons
  17 nagas
  A soldier ant (D:10)
  3 wargs (Orc:1)
  Edmund (D:4)
  9 water moccasins
  5 porcupines
  4 hell hounds
  An ice beast (D:13)
  36 orc warriors
  4 black bears
  12 ogres
  An eye of draining (D:11)
  4 sky beasts
  3 boggarts (Lair:6)
  38 wolves
  16 centaurs
  13 crocodiles
  A big kobold (D:10)
  21 bullfrogs
  Blork the orc (D:5)
  2 wyvern zombies
  5 scorpions
  3 wights
  23 killer bees
  A howler monkey (D:11)
  3 draconian simulacra (IceCv)
  2 bullfrog zombies
  6 crimson imps
  6 centaur zombies
  19 jellies
  2 quasits
  Crazy Yiuf (D:6)
  4 human zombies (D:15)
  2 gnoll shamans
  6 hounds
  18 orc priests
  3 bullfrog skeletons
  5 centaur skeletons
  3 human skeletons (D:15)
  6 iguanas
  20 orc wizards
  18 worker ants
  A spriggan simulacrum (IceCv)
  2 troll simulacra (IceCv)
  3 centaur simulacra
  An ogre skeleton (D:15)
  A hound zombie (D:6)
  A hound skeleton (D:4)
  2 mummies
  16 gnolls
  2 naga simulacra (IceCv)
  12 adders
  A howler monkey skeleton (D:4)
  6 river rats (Sewer)
  8 shadow imps
  4 oozes
  An adder zombie (D:5)
  6 worms
  2 adder skeletons
  A dart slug (D:2)
  11 leopard geckos
  68 orcs
  14 ball pythons
  9 giant cockroaches
  3 goblins
  7 hobgoblins
  4 jackals
  7 quokkas
  6 bats
  7 frilled lizards
  12 kobolds
  A leopard gecko zombie (D:6)
  A quokka skeleton (D:8)
  30 rats
  A butterfly (Lair:3)
  6 fungi
  A plant (Lair:6)
  A withered plant (D:14)
943 creatures vanquished.

Vanquished Creatures (others)
  5 hydras
  A slime creature (D:14)
  An ice devil (IceCv)
  A jelly (D:12)
  A quokka (D:15)
  16 fungi
  A withered plant (D:14)
26 creatures vanquished.

Grand Total: 969 creatures vanquished

Notes
Turn   | Place    | Note
-------+----------+-------------------------------------------
     0 | Abyss:1  | tyranidshit the Demonspawn Abyssal Knight began the quest for the Orb.
     0 | Abyss:1  | Reached XP level 1. HP: 18/18 MP: 2/2
   127 | Abyss:3  | Noticed a wretched star
   131 | D:1      | Escaped the Abyss
   132 | D:1      | Gained mutation: You are frail. (-10% HP) [potion of mutation]
   132 | D:1      | Gained mutation: Your flesh is cold resistant. (rC+) [potion of mutation]
   132 | D:1      | Gained mutation: You tend to lose your temper in combat. [potion of mutation]
   409 | D:1      | Gained mutation: You often lose your temper in combat. [potion of mutation]
   409 | D:1      | Gained mutation: You have sharp toenails. [potion of mutation]
   475 | D:1      | Gained mutation: Your flesh is heat resistant. (rF+) [demonic ancestry]
   475 | D:1      | Reached XP level 2. HP: 18/21 MP: 3/3
   620 | D:1      | Reached * piety under Lugonu
   876 | D:2      | Reached skill level 4 in Fighting
   915 | D:2      | Reached XP level 3. HP: 10/27 MP: 4/4
  1221 | D:2      | Gained mutation: You are partially covered in rugged brown scales. (AC +1, +3% HP) [demonic ancestry]
  1221 | D:2      | Reached XP level 4. HP: 28/35 MP: 5/5
  1225 | D:2      | Reached ** piety under Lugonu
  1261 | D:3      | Reached skill level 5 in Fighting
  1411 | D:3      | Reached XP level 5. HP: 30/42 MP: 6/6
  1666 | D:3      | Found a glowing drain.
  1680 | D:3      | Reached skill level 6 in Fighting
  1692 | Sewer    | Entered a sewer
  1796 | Sewer    | Reached *** piety under Lugonu
  1857 | Sewer    | Reached XP level 6. HP: 49/49 MP: 5/7
  1919 | Sewer    | Reached skill level 7 in Fighting
  2519 | D:4      | Reached skill level 8 in Fighting
  2604 | D:4      | Reached XP level 7. HP: 57/57 MP: 8/8
  2618 | D:4      | Got a scintillating lapis lazuli ring
  2619 | D:4      | Identified the ring "Daiciu Uffunk" {rElec rPois rF+ Slay+3} (You found it on level 4 of the Dungeon)
  2662 | D:4      | Reached **** piety under Lugonu
  2809 | D:4      | Noticed Edmund
  2827 | D:4      | Killed Edmund
  2827 | D:4      | Reached skill level 9 in Fighting
  3027 | D:5      | Entered Level 5 of the Dungeon
  3056 | D:5      | Found a staircase to the Ecumenical Temple.
  3277 | D:5      | Gained mutation: You have sharp fingernails. [demonic ancestry]
  3277 | D:5      | Reached XP level 8. HP: 66/66 MP: 7/9
  3291 | D:5      | Noticed Blork the orc
  3297 | D:5      | Killed Blork the orc
  3320 | D:5      | Reached skill level 10 in Fighting
  3421 | D:5      | Got a pitted brass amulet
  3423 | D:5      | Identified the amulet of the Thoughtful Souls {RegenMP Str+4 Dex+6} (You found it on level 5 of the Dungeon)
  3665 | D:6      | Noticed Grinder
  3693 | D:6      | Reached skill level 5 in Invocations
  3698 | D:6      | Noticed Menkaure
  3705 | D:6      | Killed Menkaure
  3708 | D:6      | Killed Grinder
  3708 | D:6      | Gained mutation: When hurt, damage is shared between your health and your magic reserves. [demonic ancestry]
  3708 | D:6      | Reached XP level 9. HP: 49/72 MP: 13/13
  3999 | D:6      | Found a runed door.
  4141 | D:6      | Reached skill level 5 in Armour
  4357 | D:6      | Noticed Crazy Yiuf
  4364 | D:6      | Killed Crazy Yiuf
  4386 | D:6      | Got an encrusted mace
  4395 | D:6      | Identified the +7 mace "Qanuc" {drain, Fragile rPois rC+ Dex+2} (You found it on level 6 of the Dungeon)
  4500 | D:7      | Reached ***** piety under Lugonu
  4705 | D:7      | Reached skill level 1 in Shields
  4999 | D:7      | You fall through a shaft for 3 floors!
  4999 | D:10     | Entered Level 10 of the Dungeon
  5206 | D:10     | Reached XP level 10. HP: 79/79 MP: 16/16
  5221 | D:10     | Got a twisted chain mail
  5232 | D:10     | Identified the +2 chain mail of Komoxta {rPois rC+ MR- Dex+3} (You found it on level 10 of the Dungeon)
  5257 | D:9      | Noticed Joseph
  5903 | D:8      | Found a staircase to the Lair.
  6286 | D:8      | Gained mutation: You can translocate small distances at will. [potion of mutation]
  6286 | D:8      | Gained mutation: You are weak. (Str -2) [potion of mutation]
  6325 | D:9      | Noticed Gastronok
  6356 | D:9      | Killed Gastronok
  6356 | D:9      | Reached skill level 5 in Axes
  6356 | D:9      | Reached skill level 5 in Shields
  6741 | D:9      | Killed Joseph
  6741 | D:9      | Gained mutation: You are immune to clouds of flame. [demonic ancestry]
  6741 | D:9      | Reached XP level 11. HP: 61/85 MP: 10/17
  7083 | D:10     | Found a runed door.
  7653 | Lair:1   | Entered Level 1 of the Lair of Beasts
  7693 | Lair:1   | Reached skill level 11 in Fighting
  7744 | Lair:1   | Noticed an eight-headed hydra
  7812 | Lair:1   | Banished a ten-headed hydra
  7825 | Lair:1   | Reached skill level 12 in Fighting
  8405 | Lair:2   | Noticed a four-headed hydra
  8411 | Lair:2   | Banished a four-headed hydra
  8469 | Lair:2   | Found a sparkling altar of Nemelex Xobeh.
  8612 | Lair:2   | Reached skill level 13 in Fighting
  8616 | Lair:2   | Found a staircase to the Snake Pit.
  9314 | Lair:3   | Gained mutation: You are mostly covered in rugged brown scales. (AC +2, +5% HP) [demonic ancestry]
  9314 | Lair:3   | Reached XP level 12. HP: 87/100 MP: 16/18
  9399 | Lair:3   | Reached skill level 14 in Fighting
 10089 | Lair:4   | Found a staircase to the Swamp.
 10106 | Lair:4   | Found a frozen archway.
 10129 | Lair:4   | Reached ****** piety under Lugonu
 10129 | Lair:4   | Reached skill level 15 in Fighting
 10138 | IceCv    | Entered an ice cave
 10201 | IceCv    | Reached skill level 1 in Evocations
 10623 | IceCv    | Got an ominously black robe
 10630 | IceCv    | Identified the cursed +1 robe "Ygiurgh" {rPois Str+4 Dex+3} (You found it in an ice cave)
 10738 | IceCv    | Reached skill level 5 in Evocations
 11020 | Lair:4   | Noticed a four-headed hydra
 11026 | Lair:4   | Banished a four-headed hydra
 11511 | Lair:5   | Reached XP level 13. HP: 82/110 MP: 13/19
 11548 | Lair:5   | Got a jewelled trident
 11556 | Lair:5   | Identified the +6 trident "Moses" {freeze, +Rage rPois rC+ rN+} (You found it on level 5 of the Lair of Beasts)
 11938 | Lair:5   | Found a staircase to the Slime Pits.
 12087 | Lair:6   | Entered Level 6 of the Lair of Beasts
 12990 | Lair:6   | Reached skill level 16 in Fighting
 13065 | Lair:6   | Reached skill level 10 in Armour
 13789 | D:11     | Gained mutation: You have very sharp fingernails. [demonic ancestry]
 13789 | D:11     | Reached XP level 14. HP: 118/118 MP: 20/20
 13790 | D:11     | Noticed Maurice
 13798 | D:11     | Paralysed by something for 5 turns
 13808 | D:11     | Paralysed by something for 4 turns
 13819 | D:11     | Paralysed by Maurice for 7 turns
 13844 | D:11     | Killed Maurice
 13911 | D:11     | Found an ancient bone altar of Kikubaaqudgha.
 13937 | D:11     | Identified a scroll of acquirement
 13956 | D:11     | Found a staircase to the Orcish Mines.
 14461 | Orc:1    | Entered Level 1 of the Orcish Mines
 14674 | Orc:1    | Identified a broad axe of distortion (a broad axe corrupted by Lugonu)
 14674 | Orc:1    | Received a gift from Lugonu
 14870 | Orc:2    | Entered Level 2 of the Orcish Mines
 14905 | Orc:2    | Noticed an orc warlord
 15013 | Orc:1    | HP: 1/118 [orc knight/war axe (5)]
 15194 | Orc:1    | Paralysed by an orc sorcerer for 2 turns
 15201 | Orc:1    | Paralysed by an orc sorcerer for 6 turns
 15410 | Orc:2    | Found a staircase to the Elven Halls.
 15442 | Orc:2    | Found Dorumul's Antique Weapon Shop.
 15554 | Orc:2    | Killed an orc warlord
 15573 | Orc:2    | Found Woshri's Jewellery Emporium.
 15619 | Orc:2    | Noticed an orc warlord
 15665 | Orc:1    | Paralysed by an orc sorcerer for 6 turns
 16183 | Orc:2    | Found Wadeh's Antique Armour Emporium.
 16213 | Orc:2    | Bought a pair of embroidered boots for 294 gold pieces
 16213 | Orc:2    | Bought an ichor-stained buckler for 266 gold pieces
 16218 | Orc:2    | Identified a +0 pair of boots of running (You bought it in a shop on level 2 of the Orcish Mines)
 16218 | Orc:2    | Identified the +1 buckler of the Sea {+Blink Str+3} (You bought it in a shop on level 2 of the Orcish Mines)
 16246 | Orc:2    | Found Zurizam's General Store.
 16273 | Orc:2    | Paralysed by an orc sorcerer for 5 turns
 16549 | Orc:2    | Bought a potion of haste for 130 gold pieces
 16717 | Orc:2    | Killed an orc warlord
 17384 | D:12     | Reached skill level 10 in Axes
 18384 | D:13     | Found a gate to the Vaults.
 18605 | D:13     | Gained mutation: You have claws for hands. [demonic ancestry]
 18605 | D:13     | Reached XP level 15. HP: 120/125 MP: 19/21
 19373 | D:14     | Got a pair of ichor-stained boots
 19384 | D:14     | Identified the +0 pair of boots "Huydghade" {rPois Str+2} (You found it on level 14 of the Dungeon)
 19514 | D:14     | Reached skill level 17 in Fighting
 19553 | D:14     | Reached skill level 10 in Shields
 19682 | D:15     | Entered Level 15 of the Dungeon
 19708 | D:15     | Found a labyrinth entrance.
 19722 | Lab      | Entered a labyrinth
 20645 | Lab      | Got a translucent plate armour
 20651 | Lab      | Identified the +3 plate armour "Nizuteilla" {+Blink rPois rCorr Str+4} (You found it in a labyrinth)
 20659 | Lab      | Got an encrusted flail
 20660 | Lab      | Identified the cursed +0 flail "Tisk" {crush, Str+4 Int+3} (You found it in a labyrinth)
 20723 | D:15     | Found a white marble altar of Elyvilon.
 20821 | D:15     | Found a staircase to the Depths.
 20988 | D:15     | Found an ancient bone altar of Kikubaaqudgha.
 21092 | D:15     | Noticed Nessos
 21179 | D:15     | Killed Nessos
 21263 | D:15     | Found a stormy altar of Qazlal.
 21533 | Snake:1  | Entered Level 1 of the Snake Pit
 21555 | Snake:1  | Noticed Aizul
 21612 | Snake:1  | Killed Aizul
 21755 | Snake:1  | Found Topraemo's Armour Emporium.
 22193 | Snake:1  | Gained mutation: You resist negative energy. (rN+) [demonic ancestry]
 22193 | Snake:1  | Reached XP level 16. HP: 87/133 MP: 10/22
 22425 | Snake:2  | Noticed Azrael
 22476 | Snake:2  | Killed Azrael
 23419 | Snake:3  | Got a clouded jade ring
 23420 | Snake:3  | Identified the ring "Yrphaethea" {Wiz rElec rF+ Stlth+} (You found it on level 3 of the Snake Pit)
 23678 | Snake:3  | Reached skill level 15 in Shields
 24003 | Snake:3  | Got an encrusted battleaxe
 24004 | Snake:3  | Identified the +7 battleaxe of Jiolax {drain, Int+4} (You found it on level 3 of the Snake Pit)
 24073 | Snake:3  | HP: 1/133 [nagaraja/orb of energy (17)]
 24073 | Snake:3  | Slain by a nagaraja

Skill      XL: |  1  2  3  4  5  6  7  8  9 10 11 12 13 14 15 16 |
---------------+-------------------------------------------------+-----
Fighting       | 4 5 6 8 9 10 13 15 16 17 | 17.0
Armour         | 4 6 8 10 11 12 | 12.4
Invocations    | 6 8 |  8.1
Axes           | 3 6 7 8 10 11 | 11.5
Shields        | 3 5 6 7 9 12 15 | 15.2
Evocations     | 5 |  5.2
Dodging        | |  0.8

Action                   |  1- 3 |  4- 6 |  7- 9 | 10-12 | 13-15 | 16-18 || total
-------------------------+-------+-------+-------+-------+-------+-------++-------
Melee: Hand axe          |   111 |   284 |   325 |   733 |  2482 |   460 ||  4395
       Kick              |    17 |    61 |   133 |   459 |   548 |       ||  1218
       Unarmed           |       |       |     5 |       |       |       ||     5
       Mace              |       |       |       |   122 |       |       ||   122
Invok: Depart the Abyss  |     1 |       |       |       |       |       ||     1
       Banish            |       |       |       |     8 |    12 |       ||    20
       Bend Space        |       |       |       |       |     1 |       ||     1
       Brand Weapon With |       |       |       |       |     1 |       ||     1
Evoke: Wand              |     1 |     2 |     5 |    12 |    33 |       ||    53
  Use: Potion            |     6 |     3 |     8 |     8 |     7 |     2 ||    34
       Scroll            |     6 |     6 |     9 |    16 |    29 |     2 ||    68
 Stab: Distracted        |       |       |     1 |       |       |       ||     1
       Confused          |       |       |       |       |     1 |       ||     1
       Petrified         |       |       |       |       |    14 |       ||    14
  Eat: Bread ration      |       |     2 |     2 |     3 |     2 |       ||     9
       Chunk             |       |     2 |     1 |       |       |       ||     3
       Fruit             |       |       |       |    11 |     6 |       ||    17
       Beef jerky        |       |       |       |     3 |       |       ||     3
       Royal jelly       |       |       |       |     1 |     1 |       ||     2
       Meat ration       |       |       |       |       |     7 |     1 ||     8
Armor: Scale mail        |    79 |   264 |       |       |       |       ||   343
       Chain mail        |       |     6 |    70 |   660 |   626 |       ||  1362
       Plate armour      |       |       |   211 |     3 |  1044 |   218 ||  1476
Dodge: Dodged            |    67 |   177 |   145 |   397 |   624 |    99 ||  1509
Block: Buckler           |       |       |    28 |   277 |       |       ||   305
       Shield            |       |       |       |    75 |  1515 |   319 ||  1909
